 Dungeon Crawl Stone Soup version 0.25-a0-403-g49d089a364 (webtiles) character file.

Game seed: 17590484248859967546, levelgen mode: deterministic

15 Krotfred the Caller (level 2, -2/15 HPs)
             Began as a Deep Elf Summoner on Jan 9, 2020.
             Slain by a kobold
             ... wielding a +0 dagger
              (4 damage)
             ... on level 1 of the Dungeon.
             The game lasted 00:12:33 (828 turns).

Krotfred the Caller (Deep Elf Summoner)              Turns: 828, Time: 00:12:34

Health: -2/15      AC:  2    Str:  5    XL:     2   Next: 34%
Magic:  5/8        EV: 13    Int: 19    God:
Gold:   43         SH:  0    Dex: 15    Spells: 6/7 levels left

rFire    + . .     SeeInvis .   (no weapon)
rCold    + . .     Gourm    .   (no shield)
rNeg     . . .     Faith    .   a - +0 robe
rPois    +         Spirit   .   (no helmet)
rElec    +         Reflect  .   (no cloak)
rCorr    +         Harm     .   (no gloves)
MR       .....                  (no boots)
Stlth    ++........             (no amulet)
HPRegen  0.05/turn              (no ring)
MPRegen  0.11/turn              (no ring)

@: resistant
A: no striking features
a: no special abilities


You were on level 1 of the Dungeon.
You were not hungry.

You visited 1 branch of the dungeon, and saw 1 of its levels.

You collected 43 gold pieces.

Inventory:

Armour
 a - a +0 robe (worn)
Scrolls
 c - a scroll of identify {unknown}
Comestibles
 d - 4 rations


   Skills:
 + Level 2.4 Dodging
 + Level 2.6 Stealth
 + Level 3.2 Spellcasting
 + Level 4.9 Summonings


You had 6 spell levels left.
You knew the following spells:

 Your Spells              Type           Power        Failure   Level  Hunger
a - Summon Small Mammal   Summ           ###.         1%          1    None

Your spell library contained the following spells:

 Spells                   Type           Power        Failure   Level  Hunger
 Call Imp                 Summ           ###.....     3%          2    ##.....
 Call Canine Familiar     Summ           ###.....     6%          3    ###....
 Summon Guardian Golem    Hex/Summ       ##......     16%         3    ###....
 Summon Ice Beast         Ice/Summ       ##......     47%         4    ####...
 Summon Lightning Spire   Summ/Air       ##......     47%         4    ####...


Dungeon Overview and Level Annotations

Branches:
Dungeon (1/15)

Altars:


Message History

The stone hits your bat but does no damage.
Casting: Summon Small Mammal (safe; 1% risk of failure)
Confirm with . or Enter, or press ? or * to list all spells.
You don't know that spell.
Casting: Summon Small Mammal (safe; 1% risk of failure)
Confirm with . or Enter, or press ? or * to list all spells.
The kobold throws a stone.
The stone misses your bat. The stone hits you.
* * * LOW HITPOINT WARNING * * *
The kobold throws a stone.
The stone hits your bat but does no damage.
You swap places.
The kobold throws a stone.
The stone misses you.
You see here 2 stones.
Your quokka disappears in a puff of smoke!
The kobold throws a stone.
The stone hits your quokka but does no damage.
Your quokka completely misses the kobold.
Things that are here:
a +0 whip; 2 stones; a kobold corpse You swap places.
The kobold hits you with a +0 dagger.
You die...

##..........###.##
####.......##.......#
...................##
####...###.###..##.#
#.).....# #..##.#
####..###### #..##.#
......# #..##.#
####..########.b##.##
..............(r@...#
......#########.#K.##
####.## # ####.#
..#### ♣♣P #.# ###
#.≈. #.# ...K. #K#
### ...K÷.##.# ..#
..§.K(.)(# ###
÷...K.####


You could see a kobold, a friendly quokka and a friendly bat.

Vanquished Creatures
  2 jackals (D:1)
  A kobold (D:1)
  A rat (D:1)
4 creatures vanquished.

Vanquished Creatures (collateral kills)
  An ooze (D:1)
  5 goblins (D:1)
  3 hobgoblins (D:1)
  2 jackals (D:1)
  3 kobolds (D:1)
  A bat (D:1)
15 creatures vanquished.

Grand Total: 19 creatures vanquished

Notes
Turn   | Place    | Note
-------+----------+-------------------------------------------
     0 | D:1      | Krotfred the Deep Elf Summoner began the quest for the Orb.
     0 | D:1      | Reached XP level 1. HP: 10/10 MP: 6/6
   349 | D:1      | Reached XP level 2. HP: 15/15 MP: 0/8
   828 | D:1      | Slain by a kobold

Levels and vault maps discovered:
D:1:      wander_arrival_abandoned_jail, layout_basic, grunt_decor_one_mirror,
          minmay_misc_feat_four_crosses, lexackson_kobold_supper

Action                   || total
-------------------------++-------
Melee: Unarmed           ||    11
 Cast: Summon Small Mamm ||    28
  Use: Potion            ||     3
  Eat: Ration            ||     1
Dodge: Dodged            ||    28

Table legend:
 A = Non-vault XP
 B = Vault XP
 C = Vault XP percentage of total XP
 D = Non-vault monster count
 E = Vault monster count
 F = Vault count percentage of total count
                 A         B        C        D         E       F
            +---------+---------+-------+---------+---------+-------
      Total |      19 |       3 |  13.6 |      16 |       3 |  15.8
            +---------+---------+-------+---------+---------+-------
        D:1 |      19 |       3 |  13.6 |      16 |       3 |  15.8
            +---------+---------+-------+---------+---------+-------
